 Dungeon Crawl Stone Soup version 0.21-a0-110-g8e1637b (webtiles) character file.

37081 Lavandula the Black Sun (level 13, -3/93 HPs)
             Began as a Mummy Arcane Marksman on July 7, 2017.
             Was a High Priest of Kikubaaqudgha.
             Slain by Snorg (16 damage)
             ... on level 1 of the Orcish Mines on July 8, 2017.
             The game lasted 02:08:58 (12793 turns).

Lavandula the Black Sun (Mummy Arcane Marksman)    Turns: 12793, Time: 02:08:58

Health: -3/93      AC: 10    Str: 22    XL:     13   Next: 56%
Magic:  4/28       EV: 16    Int: 18    God:    Kikubaaqudgha [*****.]
Gold:   1794       SH:  4    Dex: 18    Spells: 5/34 levels left

rFire    x . .     SeeInvis .   K - +4 mace (distort)
rCold    + . .     Gourm    .   (no shield)
rNeg     + + +     Faith    .   t - +0 troll leather armour
rPois    ∞         Spirit   .   (no helmet)
rElec    +         Reflect  +   g - +2 cloak
rCorr    .         Harm     .   H - +1 pair of gloves
MR       +....     NoTele   +   m - +0 pair of boots "Huotur" {-Tele rElec Str+7 Dex+4}
Stlth    ++........             Z - +4 amulet of reflection
HPRegen  0.65/turn              Y - ring of stealth
MPRegen  0.21/turn              h - +4 ring of intelligence

@: death channel
A: no food or potions, fire vulnerability, cold resistance 1, negative energy
resistance 3, torment resistance, unbreathing, in touch with death 1
a: Receive Corpses, Torment, Renounce Religion


You were on level 1 of the Orcish Mines.
You worshipped Kikubaaqudgha.
Kikubaaqudgha was extremely pleased with you.
You were not hungry.

You visited 3 branches of the dungeon, and saw 19 of its levels.

You collected 1794 gold pieces.

Inventory:

Hand Weapons
 a - a +0 hand crossbow
 l - a +2 dagger of venom
 s - a +0 blowgun
 x - a +2 morningstar of venom
 K - a +4 mace of distortion (weapon)
Missiles
 d - 63 bolts
 e - 4 tomahawks of returning
 z - 5 needles of paralysis
 J - a throwing net
 N - 12 curare-tipped needles
 T - 6 javelins (quivered)
Armour
 g - a +2 cloak (worn)
 k - a +2 leather armour of fire resistance
 m - the +0 pair of boots "Huotur" (worn) {-Tele rElec Str+7 Dex+4}
   (You found it on level 6 of the Dungeon)

   It affects your strength (+7).
   It affects your dexterity (+4).
   It insulates you from electricity.
   It prevents most forms of teleportation.
 t - a +0 troll leather armour (worn)
 D - a +1 robe of magic resistance
 H - a +1 pair of gloves (worn)
Jewellery
 h - a +4 ring of intelligence (right hand)
 j - an uncursed ring of ice
 Y - a ring of stealth (left hand)
 Z - a +4 amulet of reflection (around neck)
Wands
 f - a wand of enslavement (0/24)
 n - a wand of disintegration (2/24)
 r - a wand of lightning (10/15)
 u - a wand of random effects (33/48)
 w - a wand of enslavement (0/24)
 A - a wand of disintegration (2/24)
 G - a wand of iceblast (13/15)
 M - a wand of flame (16/48)
 O - a wand of lightning (5/15)
 Q - a wand of lightning (5/15)
 V - a wand of confusion (32/48)
 X - a wand of acid (0/15)
Scrolls
 o - a scroll of teleportation
 p - 2 scrolls of fog
 v - 3 scrolls of blinking
 y - 2 scrolls of identify
 B - 2 scrolls of amnesia
 C - a scroll of fear
 E - 2 scrolls of remove curse
 R - a scroll of torment
 S - 2 scrolls of immolation
 U - a scroll of silence
 W - 3 scrolls of magic mapping
Books
 b - a book of the Earth

   Spells                             Type                      Level
   a - Leda's Liquefaction            Hexes/Earth                  4
   b - Bolt of Magma                  Conjuration/Fire/Earth       5
   c - Statue Form                    Transmutation/Earth          6
   d - Iron Shot                      Conjuration/Earth            6
   e - Shatter                        Earth                        9
 c - a book of Debilitation

   Spells                             Type                      Level
   a - Corona                         Hexes                        1
   b - Slow                           Hexes                        2
   c - Inner Flame                    Hexes/Fire                   3
   d - Portal Projectile              Hexes/Translocation          3
   e - Cause Fear                     Hexes                        4
   f - Leda's Liquefaction            Hexes/Earth                  4
 i - Kikubaaqudgha's Grimoire of Necromancy
   (Kikubaaqudgha gifted it to you on level 6 of the Dungeon)

   Spells                             Type                      Level
   a - Animate Skeleton               Necromancy                   1
   b - Pain                           Necromancy                   1
   c - Corpse Rot                     Necromancy                   2
   d - Vampiric Draining              Necromancy                   3
   e - Control Undead                 Necromancy                   4
 q - a book of Geomancy

   Spells                             Type                      Level
   a - Sandblast                      Earth                        1
   b - Passwall                       Transmutation/Earth          2
   c - Stone Arrow                    Conjuration/Earth            3
   d - Petrify                        Transmutation/Earth          4
   e - Lee's Rapid Deconstruction     Earth                        5
 F - a book of Cantrips

   Spells                             Type                      Level
   a - Confusing Touch                Hexes                        1
   b - Animate Skeleton               Necromancy                   1
   c - Summon Small Mammal            Summoning                    1
   d - Apportation                    Translocation                1
 I - a book of Misfortune

   Spells                             Type                      Level
   a - Confusing Touch                Hexes                        1
   b - Confuse                        Hexes                        3
   c - Gell's Gravitas                Translocation                3
   d - Petrify                        Transmutation/Earth          4
   e - Metabolic Englaciation         Hexes/Ice                    5
   f - Yara's Violent Unravelling     Hexes/Transmutation          5
 P - Kikubaaqudgha's Grimoire of Unholy Secrets
   (Kikubaaqudgha gifted it to you on level 2 of the Lair of Beasts)

   Spells                             Type                      Level
   a - Excruciating Wounds            Charms/Necromancy            5
   b - Agony                          Necromancy                   5
   c - Cigotuvi's Embrace             Necromancy                   5
   d - Dispel Undead                  Necromancy                   5
   e - Death Channel                  Necromancy                   6


   Skills:
 - Level 6.0 Fighting
 - Level 6.4 Maces & Flails
 - Level 4.8 Crossbows
 - Level 6.1 Dodging
 + Level 11.4 Spellcasting
 - Level 4.4 Hexes
 - Level 14.3 Necromancy
 - Level 3.3 Translocations
 - Level 5.4 Evocations


You had 5 spell levels left.
You knew the following spells:

 Your Spells              Type           Power        Failure   Level  Hunger
a - Corona                Hex            ####...      1%          1    N/A
b - Slow                  Hex            ####....     1%          2    N/A
c - Cause Fear            Hex            ####......   13%         4    N/A
d - Animate Skeleton      Necr           N/A          1%          1    N/A
e - Vampiric Draining     Necr           #######...   1%          3    N/A
f - Corpse Rot            Necr           N/A          1%          2    N/A
g - Apportation           Tloc           ###...       1%          1    N/A
h - Control Undead        Necr           #######...   1%          4    N/A
i - Agony                 Necr           #######.     1%          5    N/A
j - Death Channel         Necr           #######...   3%          6    N/A

Dungeon Overview and Level Annotations

Branches:
Dungeon (12/15)            Temple (0/1) D:6            Lair (6/6) D:10
  Swamp (0/4) Lair:4       Spider (0/4) Lair:4        Slime (0/5) Lair:6
    Orc (1/2) D:11

Altars:
Cheibriados
Hepliaklqana
Kikubaaqudgha
Qazlal
Vehumet
Xom
Zin
Beogh

Shops:
D:10 *   D:11 [

Portals:
Trove: D:10 (give horn of Geryon)

Annotations:
D:2 exclusion: upstairs
D:3 gorpus's ghost, amateur OpCj
D:4 exclusion: upstairs
Orc:1 Snorg


Innate Abilities, Weirdness & Mutations

You do not eat or drink.
Your flesh is vulnerable to fire.
You are immune to poison.
Your flesh is cold resistant. (rC+)
You are immune to negative energy. (rN+++)
You are immune to unholy pain and torment.
You can survive without breathing.
You are in touch with the powers of death.


Message History

The dead are walking!
Your spectral orc wizard hits the orc but does no damage.
Snorg rages.
The orc hits your spectral orc wizard with a mace.
Your spectral orc wizard hits the orc.
You hear a shout!
You see here 4 chunks of flesh.
Unknown command.
Something hits your spectral orc wizard but does no damage.
Snorg bites you! Snorg misses you. Snorg claws you!
Your spectral orc wizard hits the orc warrior but does no damage.
Unknown command.
Your spectral orc wizard closely misses the orc.
The orc warrior hits your orc warrior skeleton with a battleaxe!!
Your orc warrior skeleton hits the orc warrior but does no damage.
You block the orc warrior's attack. Snorg bites you!!
* * * LOW HITPOINT WARNING * * *
Snorg claws you!
You die...
Kikubaaqudgha rasps: "You have failed me!
Welcome... oblivion!"

.............##..#....#
.....o...................
o................#.##..#.#
........>...)......#.....##
..........)))...........##
......#...o†)...)....##.##
..........o.[............#
#...#.#..Z)...........##
#.#..o.ooo@...........#
##...#Z%.T..%....#.#.##
#....#)#o##.###......##
#...#.Z.#.####...#....#
##.###.....# ##..##..## #.
#....## #..Z...# .. ##..##
##.##...# ##. #...#
###...## ## ....# #.##


You could see Snorg (berserk), 4 orc warriors, an orc wizard, 3 orcs, 2 friendly
spectral orc wizards and a friendly orc warrior skeleton.

Vanquished Creatures
  Erolcha (Orc:1)
  3 hydras
  2 death knights (D:11)
  A two-headed ogre (D:10)
  An orc high priest (Orc:1)
  A skeletal warrior (D:11)
  4 elephants (Lair:3)
  Sigmund (D:4)
  3 spiny frogs
  2 polar bears (Lair:4)
  A blink frog (Lair:5)
  2 hippogriffs
  5 crocodiles
  A wraith (D:11)
  8 yaks
  2 hungry ghosts
  A vampire mosquito (Lair:4)
  Menkaure (D:4)
  3 water moccasins
  2 porcupines
  5 orc warriors
  A black bear (D:8)
  4 ice beasts
  4 sky beasts
  A phantom (D:6)
  10 wolves (Lair:3)
  3 ogres
  4 centaurs
  Blork the orc (D:6)
  12 bullfrogs
  2 scorpions
  2 killer bees (D:11)
  4 wights (D:9)
  A howler monkey (D:10)
  5 crimson imps
  A bullfrog zombie (D:7)
  3 jellies
  5 bullfrog skeletons
  A hound (D:4)
  7 orc priests
  4 centaur skeletons
  Ijyb (D:4)
  3 iguanas
  9 orc wizards
  8 worker ants
  3 killer bee zombies
  A hound zombie (D:6)
  11 gnolls
  14 adders
  2 oozes
  An adder skeleton (D:6)
  4 worms
  2 leopard geckos
  32 orcs
  A ball python (D:1)
  4 bats
  3 giant cockroaches
  4 goblins
  3 hobgoblins
  7 jackals (D:3)
  4 kobolds (D:3)
  3 quokkas
  4 frilled lizards
  A jackal skeleton (D:5)
  4 rats
254 creatures vanquished.

Vanquished Creatures (collateral kills)
  Rupert (Lair:5)
  Josephine (Lair:4)
  2 hydras (Lair:6)
  A two-headed ogre (D:11)
  A death knight (D:11)
  A catoblepas (Lair:3)
  The ghost of gorpus the Destroyer, a journeyman OpCj of Cheibriados (D:11)
  3 death yaks (Lair:4)
  Sonja (Lair:2)
  A skeletal warrior (D:11)
  An orc knight (D:11)
  An orb spider (Lair:4)
  An oklob plant (Lair:6)
  11 elephants
  A centaur zombie (D:10)
  4 black mambas
  19 spiny frogs
  3 komodo dragons
  3 tyrant leeches (Lair:6)
  4 polar bears (Lair:4)
  2 trolls (Orc:1)
  17 blink frogs
  A hippogriff (Lair:3)
  4 wraiths (Lair:4)
  15 yaks
  10 vampire mosquitoes
  2 basilisks
  3 water moccasins
  3 porcupines
  6 orc warriors
  A black bear (Lair:2)
  13 wolves (Lair:3)
  4 ogres
  9 crocodiles
  17 bullfrogs
  A scorpion (D:8)
  3 electric eels
  A hound (D:10)
  6 orc wizards
  5 orc priests (Orc:1)
  2 iguanas
  A shadow imp (D:10)
  A leopard gecko (D:4)
  25 orcs
  11 fungi
  28 plants
252 creatures vanquished.

Vanquished Creatures (others)
  2 spiny frogs
  A komodo dragon (Lair:3)
  A troll (Orc:1)
  A water moccasin (Lair:6)
  An orc warrior (Orc:1)
  An ice beast (D:9)
  2 sky beasts (D:10)
  2 wolves (Lair:3)
  A crocodile (Lair:1)
  2 bullfrogs
  An orc priest (D:11)
  A worker ant (D:11)
  A worker ant zombie (D:11)
  An adder (D:10)
  An orc (D:4)
  A quokka (D:9)
  12 fungi
  11 plants
43 creatures vanquished.

Grand Total: 549 creatures vanquished

Notes
Turn   | Place    | Note
-------+----------+-------------------------------------------
     0 | D:1      | Lavandula the Mummy Arcane Marksman began the quest for the Orb.
     0 | D:1      | Reached XP level 1. HP: 15/15 MP: 2/2
   105 | D:1      | Reached XP level 2. HP: 21/21 MP: 2/4
   397 | D:2      | Reached XP level 3. HP: 26/26 MP: 5/5
   417 | D:2      | Learned a level 2 spell: Slow
   651 | D:4      | Noticed Sigmund
   683 | D:3      | Noticed gorpus's ghost (amateur OpCj)
   814 | D:2      | Reached XP level 4. HP: 32/32 MP: 6/6
  1178 | D:3      | Reached XP level 5. HP: 3/37 MP: 5/7
  1273 | D:3      | Found a stormy altar of Qazlal.
  1459 | D:4      | Noticed Ijyb
  1539 | D:4      | Reached skill level 1 in Evocations
  1548 | D:4      | Killed Ijyb
  1592 | D:4      | Reached XP level 6. HP: 22/46 MP: 8/8
  1814 | D:4      | Found an ancient bone altar of Kikubaaqudgha.
  1938 | D:4      | Became a worshipper of Kikubaaqudgha
  1944 | D:4      | Learned a level 4 spell: Cause Fear
  1969 | D:4      | Killed Sigmund
  1972 | D:4      | Noticed Menkaure
  1990 | D:4      | Killed Menkaure
  1990 | D:4      | Reached skill level 5 in Fighting
  1990 | D:4      | Reached XP level 7. HP: 51/56 MP: 9/9
  2078 | D:5      | Entered Level 5 of the Dungeon
  2656 | D:5      | Found a shimmering altar of Xom.
  3163 | D:6      | Reached XP level 8. HP: 41/64 MP: 10/10
  3173 | D:6      | Reached * piety under Kikubaaqudgha
  3173 | D:6      | Identified Kikubaaqudgha's Grimoire of Necromancy (Kikubaaqudgha gifted it to you on level 6 of the Dungeon)
  3173 | D:6      | Received a gift from Kikubaaqudgha
  3177 | D:6      | Learned a level 1 spell: Animate Skeleton
  3291 | D:6      | Found a staircase to the Ecumenical Temple.
  3323 | D:6      | Got a pair of faintly humming boots
  3329 | D:6      | Identified the +0 pair of boots "Huotur" {-Tele rElec Str+7 Dex+4} (You found it on level 6 of the Dungeon)
  3415 | D:6      | Noticed Blork the orc
  3531 | D:6      | Learned a level 2 spell: Corpse Rot
  3623 | D:6      | Learned a level 3 spell: Vampiric Draining
  3649 | D:6      | Reached skill level 1 in Necromancy
  3700 | D:6      | Reached skill level 2 in Necromancy
  3800 | D:7      | Reached skill level 3 in Necromancy
  3806 | D:7      | Got a crystal hunting sling
  3867 | D:7      | Identified the cursed +0 hunting sling "Sixeq" {freeze, rN+} (You found it on level 7 of the Dungeon)
  3904 | D:7      | Reached skill level 4 in Necromancy
  4104 | D:7      | Reached skill level 5 in Necromancy
  4158 | D:7      | Found a hazy altar of Hepliaklqana.
  4212 | D:7      | Reached skill level 5 in Spellcasting
  4219 | D:7      | Learned a level 4 spell: Control Undead
  4386 | D:6      | Killed Blork the orc
  4386 | D:6      | Reached XP level 9. HP: 52/69 MP: 15/17
  4690 | D:7      | Reached ** piety under Kikubaaqudgha
  4792 | D:7      | Learned a level 1 spell: Apportation
  4829 | D:7      | Found a glowing silver altar of Zin.
  4889 | D:7      | Reached skill level 1 in Translocations
  5196 | D:8      | Found a radiant altar of Vehumet.
  5196 | D:8      | Found a snail-covered altar of Cheibriados.
  5647 | D:10     | Entered Level 10 of the Dungeon
  5655 | D:10     | Reached skill level 1 in Maces & Flails
  5686 | D:10     | Found Ymnaerob's General Store.
  5703 | D:10     | Reached XP level 10. HP: 69/76 MP: 18/21
  5740 | D:10     | Found a staircase to the Lair.
  5768 | Lair:1   | Entered Level 1 of the Lair of Beasts
  5783 | Lair:1   | Noticed a spiny frog
  5791 | Lair:1   | Banished a spiny frog
  5872 | Lair:1   | Noticed a spiny frog
  5881 | Lair:1   | Killed a spiny frog
  5989 | Lair:2   | Noticed a spiny frog
  5996 | Lair:2   | Banished a spiny frog
  6021 | Lair:2   | Reached skill level 5 in Maces & Flails
  6065 | Lair:3   | Noticed an elephant
  6067 | Lair:3   | Noticed an elephant
  6249 | Lair:2   | Reached *** piety under Kikubaaqudgha
  6249 | Lair:2   | Identified Kikubaaqudgha's Grimoire of Unholy Secrets (Kikubaaqudgha gifted it to you on level 2 of the Lair of Beasts)
  6249 | Lair:2   | Received a gift from Kikubaaqudgha
  6259 | Lair:2   | Learned a level 5 spell: Agony
  6264 | Lair:2   | Noticed a seven-headed hydra
  6282 | Lair:2   | Killed a seven-headed hydra
  6282 | Lair:2   | Reached skill level 6 in Necromancy
  6309 | Lair:2   | Noticed Sonja
  6321 | Lair:2   | Killed Sonja
  6333 | Lair:2   | Noticed a black mamba
  6339 | Lair:2   | Killed a black mamba
  6464 | Lair:3   | Noticed a catoblepas
  6640 | Lair:3   | Noticed an elephant
  6713 | Lair:3   | Killed an elephant
  6713 | Lair:3   | Reached XP level 11. HP: 36/81 MP: 7/24
  7068 | Lair:2   | Reached skill level 7 in Necromancy
  7232 | Lair:2   | Learned a level 6 spell: Death Channel
  7597 | D:10     | Found a portal to a secret trove of treasure.
  7600 | D:10     | Noticed a two-headed ogre
  7759 | D:10     | Killed a two-headed ogre
  7759 | D:10     | Reached skill level 8 in Necromancy
  7841 | D:11     | Found Uforoen's Armour Boutique.
  8164 | D:11     | Reached skill level 9 in Necromancy
  8236 | D:11     | Noticed a death knight
  8246 | D:11     | Killed a death knight
  8261 | D:11     | Noticed a skeletal warrior
  8377 | D:11     | Noticed a death knight
  8378 | D:11     | Noticed a death knight
  8473 | D:11     | Noticed an orc knight
  8746 | D:11     | Noticed gorpus's ghost (journeyman OpCj)
  8884 | D:11     | Killed a death knight
  8884 | D:11     | Reached skill level 10 in Necromancy
  8894 | D:11     | Noticed a skeletal warrior
  9214 | Lair:3   | Killed a catoblepas
  9231 | Lair:3   | Reached skill level 11 in Necromancy
  9441 | Lair:3   | Noticed a four-headed hydra
  9449 | Lair:3   | Reached **** piety under Kikubaaqudgha
  9465 | Lair:3   | Killed a four-headed hydra
  9465 | Lair:3   | Reached XP level 12. HP: 71/88 MP: 6/25
  9729 | Lair:3   | Noticed a seven-headed hydra
  9755 | Lair:3   | Killed a seven-headed hydra
  9755 | Lair:3   | Reached skill level 12 in Necromancy
  9923 | Lair:4   | Noticed Josephine
 10041 | Lair:4   | Killed Josephine
 10074 | Lair:4   | Reached skill level 5 in Evocations
 10164 | Lair:4   | Found a staircase to the Swamp.
 10221 | Lair:4   | Noticed a death yak
 10225 | Lair:4   | Noticed a death yak
 10231 | Lair:4   | Noticed a death yak
 10614 | Lair:4   | Found a hole to the Spider Nest.
 10727 | Lair:4   | Killed a death yak
 10733 | Lair:4   | Killed a death yak
 10733 | Lair:4   | Reached skill level 13 in Necromancy
 10737 | Lair:4   | Killed a death yak
 10863 | Lair:5   | Noticed Rupert
 10894 | Lair:5   | Killed Rupert
 11172 | Lair:6   | Entered Level 6 of the Lair of Beasts
 11262 | Lair:6   | Reached skill level 14 in Necromancy
 11333 | Lair:6   | Gained mutation: You are in touch with the powers of death. [Mummy growth]
 11333 | Lair:6   | Reached XP level 13. HP: 88/93 MP: 16/26
 11396 | Lair:6   | Found a staircase to the Slime Pits.
 11473 | Lair:6   | Reached ***** piety under Kikubaaqudgha
 11565 | Lair:6   | Reached skill level 5 in Dodging
 12090 | D:11     | Killed gorpus's ghost
 12117 | D:11     | Reached skill level 10 in Spellcasting
 12278 | D:11     | Found a roughly hewn altar of Beogh.
 12287 | D:11     | Found a staircase to the Orcish Mines.
 12440 | Orc:1    | Entered Level 1 of the Orcish Mines
 12440 | Orc:1    | Noticed Erolcha
 12460 | Orc:1    | Noticed Snorg
 12583 | Orc:1    | Killed Erolcha
 12793 | Orc:1    | Slain by Snorg

Vault maps used:
D:1:      evilmike_arrival_home_sweet_home
D:2:      first_bread
D:3:      lemuel_crystal_altar
D:4:      nicolae_overflow_crystal_walls, makhleb_grotto_becter, uniq_ijyb,
          uniq_sigmund, uniq_menkaure
D:5:      minmay_opposing_rooms, overflow_temple_1_default
D:6:      minmay_temple_entry_trees, uniq_blork_the_orc
D:7:      lemuel_doored_altar, lemuel_coloured_pillars_altar
D:8:      chequers_temple_overflow_minitemple, serial_bayou,
          serial_bayou_lagoon_a, serial_bayou_pond_a, serial_bayou_shore_b,
          serial_bayou_crossing, serial_bayou_shore_a
D:9:      hangedman_pestilent_swarm, evilmike_surprise_oklob
D:10:     lair_entry_dummy, serial_shops, shop, serial_glass, glass_columns_a,
          glass_columns_c, enter_trove_2
D:11:     cheibrodos_tormentor_scu, david_orc_5, serial_shops, shop
D:12:     lemuel_oklob_altar, uniq_harold, uniq_gastronok
Lair:2:   serial_bayou_shore_b, grunt_megastairs_2, uniq_sonja
Lair:3:   grunt_forest_large_clearings, lemuel_fruit_tree, grunt_megastairs_1
Lair:4:   minmay_swamp_entry_swarm, nicolae_spider_entry_orb_guardian,
          beast_lair_carwin_7, uniq_josephine
Lair:5:   st_stairs_4, uniq_rupert
Lair:6:   minmay_lair_end_frog_pond, minmay_slime_entry_oklob_open
Orc:1:    uniq_snorg, uniq_erolcha

Skill      XL: |  1  2  3  4  5  6  7  8  9 10 11 12 13 |
---------------+----------------------------------------+-----
Crossbows      | 2 3 4 |  4.8
Fighting       | 2 5 6 |  6.0
Evocations     | 2 5 |  5.4
Dodging        | 3 6 |  6.1
Spellcasting   | 5 7 9 11 | 11.4
Necromancy     | 5 6 11 14 | 14.3
Translocations | 3 |  3.3
Hexes          | 4 |  4.4
Maces & Flails | 2 6 |  6.4

Action                   |  1- 3 |  4- 6 |  7- 9 | 10-12 | 13-15 || total
-------------------------+-------+-------+-------+-------+-------++-------
Melee: Flail             |       |    22 |       |       |       ||    22
       Scythe            |       |       |   163 |       |       ||   163
       Falchion          |       |       |     4 |       |       ||     4
       Dagger            |       |       |    24 |       |       ||    24
       Mace              |       |       |    21 |   325 |    78 ||   424
 Fire: Hand crossbow     |    68 |    81 |   195 |       |       ||   344
Throw: Tomahawk          |       |       |       |     2 |       ||     2
       Javelin           |       |       |       |       |     3 ||     3
 Cast: Corona            |    25 |    12 |    46 |    15 |       ||    98
       Slow              |       |     4 |     7 |    14 |       ||    25
       Animate Skeleton  |       |       |    16 |   109 |    43 ||   168
       Vampiric Draining |       |       |    18 |    85 |    13 ||   116
       Corpse Rot        |       |       |     9 |     7 |       ||    16
       Control Undead    |       |       |     3 |     4 |       ||     7
       Apportation       |       |       |     1 |       |     4 ||     5
       Agony             |       |       |       |    24 |     7 ||    31
       Death Channel     |       |       |       |    22 |    15 ||    37
       Cause Fear        |       |       |       |     1 |     1 ||     2
Invok: Receive Corpses   |       |       |     3 |    20 |     8 ||    31
Evoke: Wand              |       |     9 |     5 |    17 |     7 ||    38
  Use: Scroll            |     3 |     4 |     8 |    14 |     5 ||    34
 Stab: Distracted        |       |       |     1 |     2 |       ||     3
       Sleeping          |       |       |       |       |     1 ||     1
Armor: Robe              |     2 |    13 |       |       |       ||    15
       Leather armour    |       |    12 |   158 |   137 |    22 ||   329
       Troll leather arm |       |       |       |       |    10 ||    10
Dodge: Dodged            |    14 |    42 |   279 |   267 |    61 ||   663
Block: Other             |       |       |       |     2 |    18 ||    20
